 Dungeon Crawl Stone Soup version 0.31-a0-435-g2c6fae2916 (webtiles) character file.

Game seed: 8050818912080481324

5 Newt the Ducker (level 1, 0/17 HPs)
             Began as a Demonspawn Gladiator on Aug 1, 2023.
             Slain by a jackal (3 damage)
             ... on level 1 of the Dungeon.
             The game lasted 00:00:13 (150 turns).

Newt the Ducker (Demonspawn Gladiator)               Turns: 150, Time: 00:00:14

Health: 0/17       AC:  4    Str: 14    XL:     1   Next: 66%
Magic:  1/1        EV:  9    Int:  9    God:
Gold:   12         SH:  0    Dex: 14    Spells: 0/0 levels left

rFire   . . .        f - +2 flail (heavy)
rCold   . . .        (no shield)
rNeg    . . .        b - +0 leather armour
rPois   .            c - +0 helmet
rElec   .            (no cloak)
rCorr   .            (no gloves)
SInv    .            (no boots)
Will    .....        (no amulet)
Stlth   +            (no ring)
HPRegen 0.22/turn    (no ring)
MPRegen 0.07/turn

%: no passive effects
@: constricted
A: no striking features
a: no special abilities


You were on level 1 of the Dungeon.
You visited 1 branch of the dungeon, and saw 1 of its levels.

You collected 12 gold pieces.

Inventory:

Hand Weapons
 a - a +0 rapier
 f - a +2 heavy flail (weapon)
Missiles
 d - 3 throwing nets (quivered)
 e - a javelin
Armour
 b - a +0 leather armour (worn)
 c - a +0 helmet (worn)


   Skills:
 + Level 2.5 Fighting
 - Level 2.6 Short Blades
 - Level 1.7 Throwing
 - Level 2.6 Dodging


You couldn't memorise any spells.
You didn't know any spells.
Your spell library was empty.

Dungeon Overview and Level Annotations

Branches:
Dungeon (1/15)

Altars:


Message History

The jackal bites you but does no damage.
The ball python closely misses you. The ball python constricts you.
The kobold shouts!
You hit the ball python.
The ball python is heavily wounded.
You hear a shout!
The jackal bites you. The ball python closely misses you.
The ball python constricts you. The jackal bites you.
The ball python barely misses you. The ball python constricts you.
The jackal bites you.
Unknown command.
You escape the ball python's grasp.
Unknown command.
You barely miss the jackal. The jackal closely misses you.
The jackal bites you.
The jackal bites you but does no damage.
The jackal barely misses you.
Unknown command.
You sock the jackal!
You kill the jackal!
The jackal misses you.
A kobold comes into view. It is wielding a +0 dagger.
The jackal misses you.
The jackal bites you but does no damage.
The ball python bites you but does no damage.
The ball python barely misses you. x2; The ball python grabs you.
The ball python constricts you.
You hit the jackal but do no damage. The jackal closely misses you.
The ball python barely misses you. x2; The ball python constricts you.
The jackal bites you but does no damage.
The ball python barely misses you. x2; The ball python constricts you.
The jackal bites you but does no damage.
Unknown command.
You sock the ball python!
You kill the ball python!
The jackal bites you.
* * * LOW HITPOINT WARNING * * *
The ball python bites you but does no damage.
The ball python constricts you. The jackal bites you.
You die...

#..... #..... #.....
#.....## #......#
#..$.KK## #.....gr# #
#######S### ####
#.....h@..# #...
#.........###########.##
#.....................#.
#.......................
#...†.................##
#.....................#
#########..####.......#
##...##..######
#...>...#


You could see a jackal, a goblin, a ball python, 2 kobolds and a rat.

Vanquished Creatures
  A bat (D:1)
  An endoplasm (D:1)
  A jackal (D:1)
  2 ball pythons (D:1)
  A frilled lizard (D:1)
6 creatures vanquished.

Notes
Turn   | Place    | Note
-------+----------+-------------------------------------------
     0 | D:1      | Newt the Demonspawn Gladiator began the quest for the Orb.
     0 | D:1      | Reached XP level 1. HP: 16/16 MP: 1/1
   150 | D:1      | Slain by a jackal

Illustrated notes

Levels and vault maps discovered:
D:1:      lightli_arrival_flooded_house, layout_basic, supply_closet_lemuel,
          amcnicky_mini_rare_corridor_liquid

Action                     || total
---------------------------++-------
  Melee: Flail             ||     9
         Rapier            ||     9
 Armour: Leather armour    ||    20
  Dodge: Dodged            ||    32

Table legend: (Time is in decaauts)
 A = Elapsed time spent in this place.
 B = Non-inter-level travel time spent in this place.
 C = Inter-level travel time spent in this place.
 D = Time resting spent in this place.
 E = Time spent auto-exploring this place.
 F = Levels seen in this place.
 G = Mean time per level.
                   A        B        C        D        E       F      G
               +--------+--------+--------+--------+--------+-----+--------+
         Total |    159 |    159 |      0 |      0 |    111 |   1 |  159.0 |
       Dungeon |    159 |    159 |      0 |      0 |    111 |   1 |  159.0 |
               +--------+--------+--------+--------+--------+-----+--------+

Top non-repeatable levels by time:
     D:1: 159 daAuts
